 Dungeon Crawl Stone Soup version 0.31-a0-692-gf03d1854d5 (webtiles) character file.

Game seed: 17008497800516278747

135 qw the Shooter (level 5, -10/32 HPs)
             Began as a Gargoyle Hunter on Sept 6, 2023.
             Mangled by an ogre
             ... wielding a +0 giant spiked club
              (17 damage)
             ... on level 4 of the Dungeon.
             The game lasted 00:00:44 (1845 turns).

qw the Shooter (Gargoyle Hunter)                    Turns: 1845, Time: 00:00:44

Health: -10/32     AC: 10    Str: 15      XL:     5   Next: 18%
Magic:  5/5        EV: 10    Int:  8 (9)  God:
Gold:   134        SH:  0    Dex: 13 (15) Spells: 4/4 levels left

rFire   . . .        Y - +0 shortbow
rCold   . . .        (shield currently unavailable)
rNeg    + . .        e - +0 ring mail
rPois   inf          b - +0 helmet
rElec   +            (no cloak)
rCorr   .            (no gloves)
SInv    .            (no boots)
Will    .....        (no amulet)
Stlth   +            (no ring)
HPRegen 0.25/turn    (no ring)
MPRegen 0.09/turn

%: no passive effects
@: no status effects
A: sickness immunity, AC +4, negative energy resistance 1, electricity
resistance, torment resistance 1, petrification resistance
a: no special abilities


You were on level 4 of the Dungeon.
You visited 1 branch of the dungeon, and saw 4 of its levels.

You collected 134 gold pieces.


Innate Abilities, Weirdness & Mutations

You are immune to sickness and miasma.
Your stone body is resilient. (AC +4)
You are immune to poison.
You resist negative energy. (rN+)
You are resistant to electric shocks. (rElec)
You are resistant to unholy torment.
You are immune to petrification.


   Skills:
 - Level 3.0 Fighting
 - Level 6.0 Ranged Weapons
 + Level 0.1 Armour
 - Level 1.5 Dodging
 - Level 1.1 Stealth


You had 4 spell levels left.
You didn't know any spells.
Your spell library was empty.

Inventory:

Hand Weapons
 Y - a +0 shortbow (weapon)
Armour
 b - a +0 helmet (worn)
 e - a +0 ring mail (worn)
Potions
 a - 3 potions of curing
 f - a potion of might {unknown}

Dungeon Overview and Level Annotations

Branches:
Dungeon (4/15)
 Temple: D:4-7

Altars:
Hepliaklqana

Shops:
D:1 (


Message History

The arrow hits the ogre but does no damage.
The ogre is lightly wounded.
You shoot an arrow. The arrow barely misses the ogre.
A hobgoblin comes into view.
You shoot an arrow. The arrow hits the ogre!
The ogre is moderately wounded.
The ogre barely misses you.
You shoot an arrow. The arrow hits the ogre.
The ogre is heavily wounded.
You shoot an arrow. The arrow closely misses the ogre.
The arrow hits the hobgoblin.
You kill the hobgoblin!
The ogre barely misses you.
You shoot an arrow. The arrow barely misses the ogre.
The ogre closely misses you.
You shoot an arrow. The arrow hits the ogre.
The ogre is heavily wounded.
The ogre hits you with a +0 giant spiked club!!
Ouch! That really hurt!
You shoot an arrow.
The arrow hits the ogre but does no damage.
The ogre is heavily wounded.
The ogre barely misses you.
You shoot an arrow. The arrow hits the ogre!
The ogre is severely wounded.
You shoot an arrow. The arrow barely misses the ogre.
The ogre barely misses you.
You shoot an arrow.
The arrow hits the ogre but does no damage.
The ogre is severely wounded.
The ogre barely misses you.
You shoot an arrow. The arrow hits the ogre.
The ogre is severely wounded.
The ogre closely misses you.
You shoot an arrow.
The arrow hits the ogre but does no damage.
The ogre is severely wounded.
The ogre hits you with a +0 giant spiked club!
Ouch! That really hurt!
You die...

.....###.).##
............#
.........#..##
####.....#...#
..##.........####
.......#......#.####
....#..##..........###
.<....####....##.....#
........##....##@...##
............>.#O.####
<........####....#
.........# #.%..##
......##.. #..##
###..## ....... ...
##.. #..


You could see an ogre.

Vanquished Creatures
  Jessica (D:2)
  Robin (D:3)
  2 adders (D:2)
  A worm (D:2)
  4 dart slugs
  2 ball pythons
  6 bats
  4 endoplasms
  18 goblins
  7 hobgoblins
  4 quokkas
  A frilled lizard (D:1)
  10 kobolds
  4 rats
65 creatures vanquished.

Notes
Turn   | Place    | Note
-------+----------+-------------------------------------------
     0 | D:1      | qw the Gargoyle Hunter began the quest for the Orb.
     0 | D:1      | Reached XP level 1. HP: 12/12 MP: 1/1
     0 | D:1      | 0 ||| qw: Version: 0.3-a-76-g4403597
     0 | D:1      | 0 ||| qw: Game counter: 316
     0 | D:1      | 0 ||| qw: Melee chars always use a shield: true
     0 | D:1      | 0 ||| qw: God list: Okawaru
     0 | D:1      | 0 ||| qw: Allow faded altars: false
     0 | D:1      | 0 ||| qw: Do Orc after clearing Dungeon:15 true
     0 | D:1      | 0 ||| qw: Do second Lair branch before Depths: true
     0 | D:1      | 0 ||| qw: Lair rune preference: random
     0 | D:1      | 0 ||| qw: Goals: Normal
     0 | D:1      | 0 ||| PLANNING D:1-11
    32 | D:1      | Found Ufonus's Weapon Boutique.
    52 | D:1      | Reached XP level 2. HP: 17/17 MP: 2/2
    54 | D:1      | 54 ||| DROPPING scroll of butterflies.
   354 | D:1      | Reached XP level 3. HP: 21/21 MP: 3/3
   418 | D:1      | Reached skill level 5 in Ranged Weapons
   433 | D:1      | 433 ||| READING scroll labelled VEOTOF ZUQOUNK.
   434 | D:1      | 434 ||| READING scroll labelled BUPTISYNKUWN.
   438 | D:1      | 438 ||| READING scroll labelled CEEKHONLAI.
   522 | D:2      | Found a hazy altar of Hepliaklqana.
   702 | D:2      | Reached skill level 3 in Fighting
   770 | D:2      | Noticed Jessica
   773 | D:2      | Killed Jessica
   774 | D:2      | Reached XP level 4. HP: 28/28 MP: 4/4
  1120 | D:2      | 1120 ||| READING scroll labelled LUV GEIHADIR.
  1121 | D:2      | 1121 ||| DRINKING 2 sedimented blue potions.
  1122 | D:2      | 1122 ||| DRINKING 2 murky blue potions.
  1123 | D:2      | 1123 ||| DROPPING potion of degeneration.
  1327 | D:3      | Noticed Robin
  1346 | D:3      | HP: 7/28 [Robin/+0 mace (4)]
  1348 | D:3      | Killed Robin
  1349 | D:3      | Reached XP level 5. HP: 9/32 MP: 5/5
  1533 | D:3      | Reached skill level 6 in Ranged Weapons
  1750 | D:3      | 1750 ||| UPGRADING to +0 helmet.
  1755 | D:3      | 1755 ||| UPGRADING to +0 ring mail.
  1765 | D:3      | 1765 ||| DROPPING +0 leather armour.
  1766 | D:3      | 1766 ||| READING scroll labelled HEYTARADEX.
  1830 | D:4      | Noticed an ogre
  1839 | D:4      | HP: 5/32 [ogre/+0 giant spiked club (27)]
  1845 | D:4      | Mangled by an ogre

Levels and vault maps discovered:
D:1:      eino_arrival_tree_alley, layout_rooms, serial_shops, shop,
          grunt_decor_junction
D:2:      layout_basic, basic_altar, uniq_jessica
D:3:      layout_basic, uniq_robin
D:4:      layout_cave_pools, gammafunk_temple_overflow_elements,
          kennysheep_another_room, hex_medium, uniq_menkaure

Skill      XL: |  1  2  3  4  5 |
---------------+----------------+-----
Ranged Weapons | 5 6 |  6.0
Fighting       | 3 |  3.0
Armour         | |  0.1
Dodging        | |  1.5
Stealth        | |  1.1

Action                     |  1- 3 |  4- 6 || total
---------------------------+-------+-------++-------
   Fire: Shortbow          |    95 |    85 ||   180
    Use: Scroll            |     3 |     2 ||     5
         Potion            |       |     2 ||     2
 Armour: Leather armour    |    18 |    13 ||    31
         Ring mail         |       |     2 ||     2
  Dodge: Dodged            |    23 |    33 ||    56

Table legend:
 A = Non-vault XP
 B = Vault XP
 C = Vault XP percentage of total XP
 D = Non-vault monster count
 E = Vault monster count
 F = Vault count percentage of total count
                 A         B        C        D         E       F
            +---------+---------+-------+---------+---------+-------
      Total |     121 |      73 |  37.6 |      51 |      14 |  21.5
            +---------+---------+-------+---------+---------+-------
        D:1 |      39 |       0 |   0.0 |      20 |       0 |   0.0
        D:2 |      58 |      37 |  38.9 |      16 |       1 |   5.9
        D:3 |      20 |      36 |  64.3 |      13 |      13 |  50.0
        D:4 |       4 |       0 |   0.0 |       2 |       0 |   0.0
            +---------+---------+-------+---------+---------+-------
